 Dungeon Crawl Stone Soup version 0.27.0-1-g7a08968 (webtiles) character file.

Game seed: 7788127844229019737

300 Illumine the Ruffian (level 6, -19/52 HPs)
             Began as a Ghoul Monk on Aug 28, 2021.
             Demolished by an ogre (25 damage)
             ... on level 4 of the Dungeon.
             The game lasted 00:04:33 (4228 turns).

Illumine the Ruffian (Ghoul Monk)                   Turns: 4228, Time: 00:04:33

Health: -19/52     AC:  3    Str: 16    XL:     6   Next: 36%
Magic:  5/5        EV: 12    Int:  6    God:
Gold:   159        SH:  0    Dex: 11    Spells: 5/5 levels left

rFire    . . .     SeeInvis .     - Unarmed
rCold    + . .     Faith    .   (no shield)
rNeg     + + +     Spirit   .   a - +0 robe
rPois    ∞         Reflect  .   (no helmet)
rElec    .         Harm     .   (no cloak)
rCorr    .         Rampage  .   l - +0 pair of gloves
Will     .....                  (no boots)
Stlth    ++........             (no amulet)
HPRegen  0.00/turn              (no ring)
MPRegen  0.09/turn              (no ring)

@: inhibited regen
A: claws 1, cold resistance 1, negative energy resistance 3, inhibited
regeneration, torment resistance 2
a: no special abilities


You were on level 4 of the Dungeon.
You visited 1 branch of the dungeon, and saw 5 of its levels.
You also visited: Ossuary.

You collected 159 gold pieces.

Inventory:

Armour
 a - a +0 robe (worn)
 l - a +0 pair of gloves (worn)
Magical Staves
 k - a staff of death
Scrolls
 c - 2 scrolls of immolation {unknown}
 e - a scroll of vulnerability {unknown}
 f - 2 scrolls of identify
 i - a scroll of teleportation {unknown}
Potions
 b - 2 potions of degeneration {unknown}
 d - a potion of experience {unknown}
 g - 3 potions of lignification
 h - 2 potions of curing
 j - a potion of magic {unknown}


   Skills:
 + Level 3.9 Fighting
 + Level 3.1 Dodging
 - Level 2.1 Stealth
 * Level 7.0 Unarmed Combat


You had 5 spell levels left.
You didn't know any spells.
Your spell library contained the following spells:

 Spells                   Type           Power      Damage    Failure   Level
 Corona                   Hex            0%         N/A       45%         1
 Ensorcelled Hibernation  Hex/Ice        0%         N/A       58%         2
 Call Canine Familiar     Summ           0%         N/A       83%         3
 Portal Projectile        Hex/Tloc       0%         N/A       83%         3
 Tukima's Dance           Hex            0%         N/A       83%         3
 Leda's Liquefaction      Hex/Erth       0%         N/A       99%         4
 Passage of Golubria      Tloc           N/A        N/A       99%         4
 Yara's Violent Unravell  Hex/Tmut       0%         3d3       100%        5


Dungeon Overview and Level Annotations

Branches:
Dungeon (5/15)            Ossuary (visited)
 Temple: D:4-7

Altars:


Innate Abilities, Weirdness & Mutations

You thrive by killing the living.
You are immune to poison.
You have sharp fingernails.
Your flesh is cold resistant. (rC+)
You are immune to negative energy. (rN+++)
You do not regenerate when monsters are visible.
You are immune to unholy pain and torment.


Message History

Found 15 bolts.
You pick up a book of the Hunter and begin reading...
You add the spells Call Canine Familiar, Portal Projectile and Leda's Liquefaction to your library.
There are no items here.
As you read the scroll labelled YXZUAXKUUNN, it crumbles to dust.
It is a scroll of identify.
g - 3 potions of lignification
As you read the scroll of identify, it crumbles to dust.
h - 2 potions of curing Your unliving flesh cannot be transformed in this way.
You barely miss the ogre. The ogre misses you.
You punch the ogre!
The ogre is moderately wounded.
The ogre closely misses you.
You hit the ogre.
The ogre is moderately wounded.
You punch the ogre!
The ogre is severely wounded.
The ogre hits you with a +0 giant spiked club!!
You barely miss the ogre.
The ogre is severely wounded.
The ogre closely misses you.
You hit the ogre.
The ogre is severely wounded.
You barely miss the ogre.
The ogre is severely wounded.
The ogre completely misses you.
You hit the ogre.
The ogre is severely wounded.
The ogre closely misses you.
You barely miss the ogre.
The ogre is severely wounded.
You hit the ogre.
The ogre is severely wounded.
The ogre hits you with a +0 giant spiked club!!
* * * LOW HITPOINT WARNING * * *
You hit the ogre but do no damage.
The ogre is severely wounded.
The ogre hits you with a +0 giant spiked club!!
You die...

.. #......... ..
+....#...####.# #
#.
#....#...####.#
#. #.
....#.........
#.##.
###.............
#.(..
...............
...
#..###..##.###
#.####..###..##.#
#.@O.........##.#
######..###..##.#
#..# #..##.# #..#
#..##.# #..#
#..##.### #...
.........
##......##....
#.###..##.### #


You could see an ogre.

Vanquished Creatures
  2 water moccasin zombies (Ossuary)
  A hound (D:4)
  2 iguanas
  3 adders
  4 adder zombies (Ossuary)
  A dart slug (D:2)
  An orc (D:4)
  6 endoplasms
  A gnoll zombie (Ossuary)
  5 goblins
  6 hobgoblins
  5 jackals (D:2)
  2 quokkas (D:1)
  4 ball pythons
  4 bats
  A frilled lizard (D:1)
  2 hobgoblin zombies (Ossuary)
  9 kobolds
  2 kobold zombies (Ossuary)
  2 orc zombies (Ossuary)
  4 rats
67 creatures vanquished.

Notes
Turn   | Place    | Note
-------+----------+-------------------------------------------
     0 | D:1      | Illumine the Ghoul Monk began the quest for the Orb.
     0 | D:1      | Reached XP level 1. HP: 19/19 MP: 0/0
   116 | D:1      | Reached XP level 2. HP: 4/26 MP: 1/1
   486 | D:1      | Reached skill level 4 in Unarmed Combat
  1371 | D:2      | Reached XP level 3. HP: 31/31 MP: 2/2
  1828 | D:2      | Reached skill level 5 in Unarmed Combat
  1965 | D:2      | Found a faded altar of an unknown god.
  2049 | D:2      | Reached XP level 4. HP: 38/38 MP: 3/3
  3296 | D:4      | Reached skill level 6 in Unarmed Combat
  3296 | D:4      | Reached XP level 5. HP: 39/45 MP: 4/4
  3356 | D:4      | Found a sand-covered staircase.
  3366 | Ossuary  | Entered an ossuary
  3725 | Ossuary  | Reached XP level 6. HP: 15/52 MP: 5/5
  4025 | D:4      | Reached skill level 7 in Unarmed Combat
  4147 | D:5      | Entered Level 5 of the Dungeon
  4228 | D:4      | Demolished by an ogre

Illustrated notes

Levels and vault maps discovered:
D:1:      elethiomel_arrival_infinity_welcomes_careful_drivers, layout_rooms
D:2:      layout_loops_corners, basic_ecumenical_altar
D:3:      layout_loops_ring, hangedman_decor_points
D:4:      layout_basic, minmay_temple_entry_statues_pillars,
          lightli_ossuary_entry_decrepit_ruins
D:5:      layout_loops_cross, overflow_temple_1_default, chequers_mini_garden

Skill      XL: |  1  2  3  4  5  6 |
---------------+-------------------+-----
Unarmed Combat | 4 5 6 7 |  7.0
Dodging        | 3 |  3.1
Fighting       | |  3.9
Stealth        | |  2.1

Action                   |  1- 3 |  4- 6 || total
-------------------------+-------+-------++-------
Melee: Unarmed           |   106 |   134 ||   240
       Punch             |     1 |     3 ||     4
  Use: Scroll            |       |     2 ||     2
 Stab: Sleeping          |     2 |     4 ||     6
Armor: Robe              |    21 |    22 ||    43
Dodge: Dodged            |    96 |    67 ||   163
